 Dungeon Crawl Stone Soup version 0.31-a0-995-g04711c9635 (webtiles) character file.

Game seed: 4238503246852286041

9 Maratek the Trooper (level 2, 24/24 HPs)
             Began as a Demonspawn Fighter on Nov 6, 2023.
             Quit the game on level 1 of the Dungeon.
             The game lasted 00:00:51 (167 turns).

Maratek the Trooper (Demonspawn Fighter)             Turns: 167, Time: 00:00:52

Health: 24/24      AC:  7    Str: 16    XL:     2   Next: 3%
Magic:  2/2        EV:  8    Int: 11    God:
Gold:   44         SH:  4    Dex: 12    Spells: 1/1 levels left

rFire   . . .        a - +0 war axe
rCold   . . .        c - +0 buckler
rNeg    . . .        b - +0 scale mail
rPois   .            (no helmet)
rElec   .            (no cloak)
rCorr   .            (no gloves)
SInv    .            g - +0 pair of boots
Will    .....        (no amulet) Stlth
                     (no ring)
HPRegen 0.24/turn    (no ring)
MPRegen 0.08/turn

%: no passive effects
@: no status effects
A: big brain 1
a: no special abilities


You were on level 1 of the Dungeon.
You visited 1 branch of the dungeon, and saw 1 of its levels.

You collected 44 gold pieces.

Inventory:

Hand Weapons
 a - a +0 war axe (weapon)
Armour
 b - a +0 scale mail (worn)
 c - a +0 buckler (worn)
 g - a +0 pair of boots (worn)
Jewellery
 h - a +6 ring of strength
Scrolls
 e - a scroll of revelation {unknown}
 f - a scroll of teleportation {unknown}
 j - a scroll of identify {unknown}
Potions
 d - a potion of might
 i - a potion of curing {unknown}


   Skills:
 + Level 3.2 Fighting
 + Level 1.9 Axes
 + Level 2.8 Armour
 + Level 2.8 Shields


You had one spell level left.
You didn't know any spells.
Your spell library was empty.

Dungeon Overview and Level Annotations

Branches:
Dungeon (1/15)

Altars:


Innate Abilities, Weirdness & Mutations

You have an unusually large brain. (Int +2)


Message History

You finish putting on your +0 pair of boots.
You see here 5 stones.
Found a scale mail.
You see here a +0 ring mail.
You see here a +0 scale mail.
h - a +6 ring of strength
Found a mace.
i - a fuming emerald potion You now have 26 gold pieces (gained 7).
You now have 44 gold pieces (gained 18).
A goblin comes into view. It is wielding a +0 dagger.
The goblin shouts!
A goblin is nearby!
The goblin hits you but does no damage.
You hit the goblin.
You kill the goblin!
No target in view!
No target in view!
No target in view!
No target in view!
No target in view!
No target in view!
No target in view!
No target in view!
No target in view!
No target in view!
j - a scroll labelled XIPREHE KUOSCH A giant cockroach comes into view.
A giant cockroach is nearby!
A giant cockroach is nearby!
Found a stone staircase leading down.
Found a short sword.
The giant cockroach closely misses you.
You closely miss the giant cockroach. You block the giant cockroach's attack.
The giant cockroach bites you but does no damage.
You hit the giant cockroach.
You kill the giant cockroach!
You have reached level 2!
Your demonic ancestry asserts itself...
Your brain expands.
Are you sure you want to abandon this character and quit the game? (Confirm with "yes".)

#####.....[#.#.#..
..........#.......#.#...
...............#.#.#.#.#
).......................
.......!).#...#..####...
..........#.....## ###.
.>........#...### ##
..........#...#
.......@......#
##########.#..## .
###........###...###
#...#......#........
#..#.........#...###
##.#.......### ##
#.........# ##†
##........# ##..
##...)...# ##...


There were no monsters in sight!

Vanquished Creatures
  An endoplasm (D:1)
  A giant cockroach (D:1)
  2 goblins (D:1)
  A kobold (D:1)
  A quokka (D:1)
  A bat (D:1)
  A rat (D:1)
8 creatures vanquished.

Notes
Turn   | Place    | Note
-------+----------+-------------------------------------------
     0 | D:1      | Maratek the Demonspawn Fighter began the quest for the Orb.
     0 | D:1      | Reached XP level 1. HP: 18/18 MP: 1/1
   167 | D:1      | Gained mutation: You have an unusually large brain. (Int
                  | +2) [demonic ancestry]
   167 | D:1      | Reached XP level 2. HP: 24/24 MP: 2/2
   167 | D:1      | Quit the game

Illustrated notes

Levels and vault maps discovered:
D:1:      wander_arrival_peaceful_grave, layout_rooms, basic_ecumenical_altar,
          hangedman_decor_riveting

Action                     || total
---------------------------++-------
  Melee: War axe           ||    13
 Armour: Scale mail        ||     6
  Dodge: Dodged            ||     6
  Block: Buckler           ||     2

Table legend: (Time is in decaauts)
 A = Elapsed time spent in this place.
 B = Non-inter-level travel time spent in this place.
 C = Inter-level travel time spent in this place.
 D = Time resting spent in this place.
 E = Time spent auto-exploring this place.
 F = Levels seen in this place.
 G = Mean time per level.
                   A        B        C        D        E       F      G
               +--------+--------+--------+--------+--------+-----+--------+
         Total |    172 |    147 |     25 |      0 |     91 |   1 |  172.0 |
       Dungeon |    172 |    147 |     25 |      0 |     91 |   1 |  172.0 |
               +--------+--------+--------+--------+--------+-----+--------+

Top non-repeatable levels by time:
     D:1: 172 daAuts
